 Dungeon Crawl Stone Soup version 0.22.0 (webtiles) character file.

31 BigChef the Poker (level 3, -1/29 HPs)
             Began as a Demonspawn Chaos Knight on Aug 29, 2018.
             Slain by a crocodile (14 damage)
             ... on level 2 of the Dungeon.
             The game lasted 00:01:58 (960 turns).

BigChef the Poker (Demonspawn Chaos Knight)          Turns: 960, Time: 00:01:59

Health: -1/29      AC:  5    Str: 13    XL:     3   Next: 7%
Magic:  3/3        EV: 11    Int: 13    God:    Xom [*.....]
Gold:   18         SH:  0    Dex: 12    Spells: 2/2 levels left

rFire    . . .     SeeInvis .   a - +0 spear (chaos)
rCold    . . .     Gourm    .   (no shield)
rNeg     . . .     Faith    .   b - +2 leather armour
rPois    .         Spirit   .   (helmet restricted)
rElec    .         Reflect  .   (no cloak)
rCorr    .         Harm     .   (no gloves)
MR       .....     Clarity  +   (no boots)
Stlth    +.........             e - amulet of regeneration
HPRegen  0.49/turn              (no ring)
MPRegen  0.08/turn              (no ring)

@: no status effects
A: antennae 1, clarity, spiny 1
a: Renounce Religion


You were on level 2 of the Dungeon.
You worshipped Xom.
You were a special plaything of Xom.
You were not hungry.

You visited 1 branch of the dungeon, and saw 2 of its levels.

You collected 18 gold pieces.

Inventory:

Hand Weapons
 a - a +0 spear of chaos (weapon)
Armour
 b - a +2 leather armour (worn)
Jewellery
 e - an amulet of regeneration (around neck)
Scrolls
 d - a scroll of identify {unknown}
 g - a scroll of remove curse {unknown}
 h - a scroll of teleportation {unknown}
Potions
 f - a potion of flight {unknown}
 i - a potion of magic {unknown}
Comestibles
 c - 2 rations


   Skills:
 + Level 3.3 Fighting
 + Level 3.5 Polearms
 + Level 1.8 Armour
 + Level 0.9 Dodging


You had 2 spell levels left.
You didn't know any spells.
Your spell library was empty.

Dungeon Overview and Level Annotations

Branches:
Dungeon (2/15)

Altars:


Innate Abilities, Weirdness & Mutations

You have a pair of small antennae on your head.
You are partially covered in sharp spines.
You possess an exceptional clarity of mind.


Message History

The crocodile is struck by your spines. The crocodile bites you.
You barely miss the crocodile.
The crocodile is heavily wounded.
The crocodile misses you.
You closely miss the crocodile.
The crocodile is heavily wounded.
The crocodile bites you!
You are too injured to fight recklessly!
You are too injured to fight recklessly!
You are too injured to fight recklessly!
You are too injured to fight recklessly!
You are too injured to fight recklessly!
You closely miss the crocodile.
The crocodile is heavily wounded.
The crocodile barely misses you.
You hit the crocodile but do no damage.
The crocodile is heavily wounded.
The crocodile bites you!
You die...
Xom laughs nastily!

8...8 #...# #...#
############# #...##
............. 8...8#
##...###########...#
.....####8###8##...##8##
#....##......§..@t......
#....##....†...§§8......
.....'......§.§.§.......
.#...##.#8###8##...##8##
.#...###### ### ...# #
.#...# ...8# ###### ..##
..#


You could see a crocodile.

Vanquished Creatures
  A dart slug (D:1)
  2 leopard geckos (D:2)
  2 bats (D:1)
  A giant cockroach (D:1)
  3 hobgoblins
  3 jackals (D:1)
  4 kobolds
  A quokka (D:2)
  2 frilled lizards
  2 goblins (D:2)
  5 rats
26 creatures vanquished.

Notes
Turn   | Place    | Note
-------+----------+-------------------------------------------
     0 | D:1      | BigChef the Demonspawn Chaos Knight began the quest for the Orb.
     0 | D:1      | Reached XP level 1. HP: 18/18 MP: 1/1
     7 | D:1      | XOM: silly message
    22 | D:1      | XOM: medium Ice miscast
    28 | D:1      | XOM: medium Conj miscast
    91 | D:1      | XOM: mild Summ miscast
    92 | D:1      | Noticed a crimson imp
   109 | D:1      | XOM: give mutation
   109 | D:1      | Gained mutation: You possess an exceptional clarity of mind. [Xom's mischief]
   243 | D:1      | Gained mutation: You have a pair of small antennae on your head. [demonic ancestry]
   243 | D:1      | Reached XP level 2. HP: 24/24 MP: 2/2
   774 | D:2      | XOM: medium Chrm miscast
   861 | D:2      | XOM: noise
   865 | D:2      | Gained mutation: You are partially covered in sharp spines. [demonic ancestry]
   865 | D:2      | Reached XP level 3. HP: 29/29 MP: 3/3
   942 | D:2      | XOM: fog
   954 | D:2      | Noticed a crocodile
   954 | D:2      | a worm changed into a crocodile
   960 | D:2      | Slain by a crocodile

Skill      XL: |  1 |
---------------+----+-----
Polearms       | 3 |  3.5
Fighting       | |  3.3
Armour         | |  1.8
Dodging        | |  0.9

Action                   || total
-------------------------++-------
Melee: Spear             ||   105
 Stab: Confused          ||     1
       Petrified         ||     3
Armor: Leather armour    ||    20
Dodge: Dodged            ||    44
